AoeStats
← BsqfslY

Nomad

509082376Analyzed
4v4 RM · 7d ago on Sep 25, 2026· 42m 16s· 8 players
Game mode
Random Map
Map size
231×231
Population
200
Speed
Normal
Resources
Standard
Victory
Conquest
Starting age
Dark Age
Ending age
Imperial Age
RankedLock teamsTeams togetherTeam positionsShared explorationLock speedFull tech treeHidden civsTurbo modeCheats
Victory
Defeat
🇨🇳 Dravidians · China
1530
+9
🇨🇳 Jurchens · China
1520
+10
🇨🇳 Danes · China
1400
+14
🇨🇳 Goths · China
1307
+19
🇨🇦 Chinese · Canada
1451
-16
🇹🇼 Mongols · Taiwan
1386
-14
🇰🇬 Hindustanis · Kyrgyzstan
1335
-11
🇨🇳 Bengalis · China
1311
-11
[FORD]DarkHorse
3:08 Loom
12:37 Feudal Age
16:13 Castle Age
19:26 Fletching
French Connection
5:03 Loom
13:19 Feudal Age
18:26 Castle Age
16:36 Double-Bit Axe
17:13 Gold Mining
17:54 Horse Collar
18:11 Stone Mining
20:43 Wheelbarrow
28:24 Fletching
30:42 Bodkin Arrow
37:26 Imperial Age
36:27 Hand Cart
36:27 Padded Archer Armor
37:33 Leather Archer Armor
39:21 Chemistry
38:54 Ring Archer Armor
39:15 Shatagni
39:39 Murder Holes
12014665
5:11 Loom
12:54 Feudal Age
16:47 Castle Age
15:15 Double-Bit Axe
15:11 Horse Collar
18:16 Wheelbarrow
17:59 Bow Saw
20:51 Hand Cart
24:24 Fletching
27:14 Bodkin Arrow
27:33 Padded Archer Armor
28:24 Gold Mining
31:08 Leather Archer Armor
35:51 Imperial Age
34:54 Heavy Plow
37:35 Chemistry
37:30 Bracer
39:52 Conscription
39:49 Paiks
taj
4:14 Loom
12:24 Feudal Age
17:51 Castle Age
19:19 Scale Barding Armor
20:59 Double-Bit Axe
35:11 Husbandry
35:38 Fletching
37:53 Bloodlines
38:15 Horse Collar
38:48 Gold Mining
40:53 Wheelbarrow
小白妈妈
5:26 Loom
14:02 Feudal Age
15:21 Town Watch
17:45 Castle Age
16:19 Double-Bit Axe
19:08 Wheelbarrow
18:57 Bow Saw
19:48 Medium Warships
19:55 Forging
20:29 Horse Collar
25:20 Gold Mining
28:28 Gold Shaft Mining
28:33 Fishing Lines
29:42 Heavy Plow
30:38 Gillnets
31:28 Hand Cart
35:19 Imperial Age
34:21 Scale Barding Armor
34:23 Town Patrol
35:26 Iron Casting
35:38 Chain Barding Armor
35:51 Bloodlines
35:41 Husbandry
35:22 Elite Steppe Lancer
37:01 Plate Barding Armor
37:26 Blast Furnace
36:49 Conscription
37:06 Guilds
36:49 Stone Mining
38:05 Stone Shaft Mining
38:11 Treadmill Crane
38:26 Fletching
38:37 Padded Archer Armor
39:00 Ballistics
39:41 Chemistry
38:56 Masonry
38:55 Siege Engineers
39:03 Masonry
38:50 Murder Holes
39:16 Ballistics
39:25 Bodkin Arrow
39:46 Leather Archer Armor
41:30 Chemistry
41:03 Architecture
40:44 Fortified Wall
41:13 Elite Iron Pagoda
42:31 Arrowslits
42:37 Guard Tower
BsqfslY
12:33 Feudal Age
13:38 Double-Bit Axe
13:44 Loom
14:31 Town Watch
17:41 Fishing Lines
20:29 Castle Age
18:45 Fletching
19:40 Gold Mining
21:02 Forging
21:25 Medium Warships
22:40 Bow Saw
22:17 Horse Collar
22:30 Gillnets
22:49 Bodkin Arrow
24:13 Stone Mining
30:18 Wheelbarrow
30:11 Heavy Plow
33:58 Imperial Age
32:30 Padded Archer Armor
33:32 Hand Cart
34:20 Medical Corps
34:08 Elite Elephant Archer
34:54 Thumb Ring
35:16 Thumb Ring
35:14 Bracer
35:32 Leather Archer Armor
35:40 Ballistics
37:35 Chemistry
38:36 Hoardings
42:09 Conscription
42:28 Ring Archer Armor
Mr.Robin
10:23 Loom
12:38 Feudal Age
16:09 Castle Age
15:28 Double-Bit Axe
17:43 Bow Saw
17:45 Scale Mail Armor
17:34 Fishing Lines
22:24 Squires
23:14 Arson
24:31 Forging
24:42 Hamask
25:48 Chain Mail Armor
28:00 Iron Casting
28:32 Horse Collar
31:53 Wheelbarrow
35:58 Imperial Age
37:41 Hand Cart
37:33 Town Watch
37:19 Onager
39:28 Hoardings
39:34 Siege Onager
41:26 Conscription
41:21 Siege Engineers
名奈奈奈
4:08 Loom
14:30 Feudal Age
20:13 Castle Age
18:58 Double-Bit Axe
21:53 Fishing Lines
24:53 Horse Collar
26:12 Scale Mail Armor
32:51 Wheelbarrow
33:11 Fletching
34:06 Hand Cart
33:45 Gold Mining
33:46 Stone Mining
35:02 Anarchy
39:11 Imperial Age
37:30 Squires
37:50 Chain Mail Armor
37:46 Forging
37:34 Stone Mining
38:00 Pikeman
39:16 Capped Ram
40:29 Elite Huskarl
42:20 Iron Casting
42:12 Conscription
Connection lost

Rejoining the realm…

Still unreachable

The connection could not be restored.

Session expired

The server has moved on; the page needs a fresh start.